 Dungeon Crawl Stone Soup version 0.24.0-13-gcf9b319 (webtiles) character file.

Game seed: 7597186735147649340, levelgen mode: deterministic

29045 Birdy the Carver (level 13, -9/93 HPs)
             Began as a Halfling Assassin on Dec 24, 2019.
             Was an Elder of Makhleb.
             Splashed by an oklob plant's acid (10 damage)
             ... on level 5 of the Lair of Beasts.
             The game lasted 00:48:37 (17037 turns).

Birdy the Carver (Halfling Assassin)               Turns: 17037, Time: 00:48:38

Health: -9/93      AC: -8    Str: 12    XL:     13   Next: 78%
Magic:  19/19      EV: 25    Int:  9    God:    Makhleb [****..]
Gold:   759        SH: 10    Dex: 21    Spells: 12/12 levels left

rFire    + . .     SeeInvis .   a - +0 scimitar (elec)
rCold    . . .     Gourm    .   K - +1 buckler {reflect}
rNeg     . . .     Faith    .   g - +0 leather armour
rPois    .         Spirit   .   (helmet restricted)
rElec    .         Reflect  +   c - +2 cloak
rCorr    .         Harm     .   (no gloves)
MR       +....                  (no boots)
Stlth    +++.......             i - +3 amulet of reflection
HPRegen  0.25/turn              v - ring of protection from magic
MPRegen  0.16/turn              q - ring of protection from fire

@: corroded
A: small, antennae 1, fangs 1, slimy green scales 1, deformed body, mutation
resistance 1
a: Minor Destruction, Lesser Servant of Makhleb, Major Destruction, Renounce
Religion


You were on level 5 of the Lair of Beasts.
You worshipped Makhleb.
Makhleb was greatly pleased with you.
You were hungry.

You visited 3 branches of the dungeon, and saw 15 of its levels.

You collected 759 gold pieces.

Inventory:

Hand Weapons
 a - a +0 scimitar of electrocution (weapon)
 x - a +3 dagger of electrocution
Missiles
 e - a throwing net
 k - 2 silver boomerangs
 E - an atropa-tipped dart
 J - 19 poisoned darts (quivered)
Armour
 c - a +2 cloak (worn)
 g - a +0 leather armour (worn)
 l - a +0 shield of protection
 K - a +1 buckler of reflection (worn)
Jewellery
 i - a +3 amulet of reflection (around neck)
 q - a ring of protection from fire (right hand)
 v - a ring of protection from magic (left hand)
 C - an uncursed ring of magical power
 D - an uncursed amulet of the acrobat
 I - an uncursed ring of protection from fire
Wands
 m - a wand of random effects (34)
 y - a wand of acid (5)
 A - a wand of polymorph (16)
 B - a wand of disintegration (12)
Scrolls
 h - 8 scrolls of remove curse
 j - 4 scrolls of enchant armour
 o - a scroll of identify
 r - 4 scrolls of teleportation
 s - a scroll of fog
 t - a scroll of magic mapping
 G - a scroll of vulnerability
Potions
 n - a potion of curing
 p - 3 potions of lignification
 u - 8 potions of flight
 w - a potion of ambrosia
 z - 2 potions of cancellation
Comestibles
 f - 19 rations


   Skills:
 + Level 10.3 Fighting
 - Level 2.4(10.2) Short Blades
 + Level 12.7 Long Blades
 - Level 2.0 Throwing
 - Level 6.0 Armour
 + Level 12.0 Dodging
 - Level 4.3 Stealth
 + Level 1.5 Shields
 * Level 8.7 Invocations


You had 12 spell levels left.
You didn't know any spells.
Your spell library contained the following spells:

 Spells                   Type           Power        Failure   Level  Hunger
 Animate Skeleton         Necr           N/A          58%         1    ##.....
 Apportation              Tloc           #.....       58%         1    ##.....
 Confusing Touch          Hex            #.....       58%         1    ##.....
 Pain                     Necr           #...         58%         1    ##.....
 Summon Butterflies       Summ           #.......     58%         1    ##.....
 Summon Small Mammal      Summ           #...         58%         1    ##.....
 Regeneration             Chrm/Necr      #.........   91%         3    ####...
 Vampiric Draining        Necr           #.........   91%         3    ####...
 Animate Dead             Necr           N/A          100%        4    #####..
 Bolt of Magma            Conj/Fire/Erth #.........   100%        5    ######.
 Iskenderun's Battlesphe  Conj/Chrm      #.......     100%        5    ######.
 Venom Bolt               Conj/Pois      #.........   100%        5    ######.
 Iron Shot                Conj/Erth      #.........   100%        6    #######
 Orb of Destruction       Conj           #.........   100%        7    #######
 Spellforged Servitor     Conj/Summ      #.........   100%        7    #######


Dungeon Overview and Level Annotations

Branches:
Dungeon (9/15)             Temple (1/1) D:7            Lair (5/6) D:9
  Swamp (0/4) Lair:4        Snake (0/4) Lair:4        Slime (0/5) Lair:5
    Orc: D:9-12

Altars:
Ashenzari
Cheibriados
Dithmenos
Elyvilon
Fedhas
Gozag
Kikubaaqudgha
Makhleb
Nemelex Xobeh
Okawaru
Qazlal
Ru
Sif Muna
Trog
Uskayaw
Vehumet
Wu Jian
Xom
Yredelemnul
Zin
The Shining One

Shops:
D:5 }

Annotations:
D:3 1 runed translucent door
Lair:1 exclusion: 2 oklob plants
Lair:5 exclusion: 4 oklob plants


Innate Abilities, Weirdness & Mutations

You are small and have problems with some larger weapons.
You are somewhat resistant to further mutation.
You have a pair of small antennae on your head.
You have very sharp teeth.
You are partially covered in slimy green scales. (AC +2)
Armour fits poorly on your strangely shaped body.


Message History

You hit the oklob plant.
The oklob plant is heavily damaged.
The oklob plant spits acid at you. The splash of acid misses you.
The oklob plant spits acid at you. The splash of acid hits you.
The acid corrodes you!
You are splashed with acid!
Okay, then.
The oklob plant spits acid at you. The splash of acid hits you!
* * * LOW HITPOINT WARNING * * *
The acid corrodes you!
You are splashed with acid!
* * * LOW HITPOINT WARNING * * *
Okay, then.
As you read the scroll of fear, it crumbles to dust.
You assume a fearsome visage.
The oklob plant is unaffected. x4
The oklob plant spits acid at you. The splash of acid hits you.
* * * LOW HITPOINT WARNING * * *
The acid corrodes you!
You are splashed with acid!
You die...

...##..........##
.....#..........##
....#....รท.........
....##.............
....##.............
..................
............(.....
.##.P............
#..#..@........!
#.#%...!........
##.....PP......
##....>P......
#.....P.......
#.............
...............
#..............
#...#.#........


You could see 4 oklob plants.

Vanquished Creatures
  Harold (D:7)
  3 hydras
  Nergalle (Lair:2)
  Pikel (D:7)
  7 elephants
  Joseph (D:9)
  3 black mambas
  2 molten gargoyles (Lair:3)
  5 spiny frogs
  Psyche (D:8)
  A rime drake (Lair:5)
  4 komodo dragons
  17 blink frogs
  Grinder (D:3)
  6 hippogriffs
  7 dream sheep (Lair:3)
  Sigmund (D:2)
  3 wyverns
  22 yaks
  Eustachio (D:5)
  3 basilisks
  A steam dragon (D:8)
  2 hungry ghosts
  A naga (Lair:4)
  8 water moccasins
  4 sky beasts
  14 porcupines
  Duvessa (D:6)
  2 orc warriors
  2 ice beasts (D:5)
  A necrophage (D:5)
  A phantom (D:7)
  A black bear (D:6)
  3 ogres
  6 crocodiles
  A centaur (D:5)
  12 bullfrogs
  A gnoll sergeant (D:8)
  Dowan (D:6)
  A scorpion (D:4)
  A water moccasin skeleton (D:4)
  The ghost of Chiodood the Magician, a weakling DsWz (D:3)
  A howler monkey (D:4)
  5 lava snakes (Lair:3)
  4 crimson imps
  A quasit (D:7)
  A bullfrog zombie (D:6)
  5 orc priests
  8 hounds
  2 bullfrog skeletons
  A gnoll shaman (D:5)
  A centaur skeleton (D:5)
  5 orc wizards
  Terence (D:2)
  2 hell rats (Lair:1)
  2 iguanas
  2 worker ants (D:9)
  2 hound zombies
  2 hound skeletons
  20 gnolls
  A howler monkey skeleton (D:6)
  13 adders
  12 river rats
  A shadow imp (D:6)
  3 adder skeletons
  3 worms
  2 dart slugs
  8 leopard geckos
  40 orcs
  2 ball pythons
  5 giant cockroaches
  11 goblins
  9 hobgoblins
  8 jackals
  4 kobolds
  3 quokkas
  10 bats
  4 frilled lizards
  2 leopard gecko skeletons
  2 quokka skeletons
  12 rats
376 creatures vanquished.

Vanquished Creatures (collateral kills)
  4 elephants
  A blink frog (Lair:3)
5 creatures vanquished.

Vanquished Creatures (others)
  A giant cockroach (D:6)
  4 fungi
  5 plants
10 creatures vanquished.

Grand Total: 391 creatures vanquished

Notes
Turn   | Place    | Note
-------+----------+-------------------------------------------
     0 | D:1      | Birdy the Halfling Assassin began the quest for the Orb.
     0 | D:1      | Reached XP level 1. HP: 14/14 MP: 1/1
   145 | D:1      | Reached XP level 2. HP: 15/19 MP: 2/2
   151 | D:1      | Reached skill level 1 in Armour
   717 | D:1      | Gained mutation: You have very sharp teeth. [potion of
                  | mutation]
   717 | D:1      | Gained mutation: You have a pair of small antennae on your
                  | head. [potion of mutation]
   757 | D:2      | Reached XP level 3. HP: 24/24 MP: 3/3
   794 | D:2      | Noticed Sigmund
   818 | D:2      | Killed Sigmund
   818 | D:2      | Reached XP level 4. HP: 11/31 MP: 4/4
   818 | D:2      | Reached XP level 5. HP: 13/36 MP: 5/5
   818 | D:2      | Reached XP level 6. HP: 16/42 MP: 6/6
  1294 | D:2      | Noticed Terence
  1777 | D:2      | Killed Terence
  1823 | D:2      | Found a faded altar of an unknown god.
  2576 | D:3      | Noticed Grinder
  2587 | D:3      | Killed Grinder
  2587 | D:3      | Reached XP level 7. HP: 42/48 MP: 7/7
  2905 | D:3      | Found a runed translucent door.
  2906 | D:3      | Noticed Chiodood's ghost (weakling DsWz)
  2916 | D:3      | Killed Chiodood's ghost
  2922 | D:3      | Reached skill level 5 in Dodging
  2937 | D:3      | Found a runed translucent door.
  3001 | D:3      | Reached skill level 5 in Armour
  3061 | D:3      | Reached XP level 8. HP: 54/54 MP: 8/8
  3316 | D:4      | Found an opulent altar of Gozag.
  3420 | D:4      | Reached skill level 5 in Fighting
  3777 | D:4      | You fall into a shaft and drop 1 floor!
  3777 | D:5      | Entered Level 5 of the Dungeon
  3832 | D:5      | Found Getiuffo's Gadget Emporium.
  3878 | D:5      | Found a glowing golden altar of the Shining One.
  3906 | D:5      | Noticed Eustachio
  3933 | D:5      | Killed Eustachio
  4016 | D:5      | Reached XP level 9. HP: 62/62 MP: 9/9
  4060 | D:5      | Reached skill level 1 in Long Blades
  4935 | D:5      | Found a snail-covered altar of Cheibriados.
  5398 | D:4      | Found a sacrificial altar of Ru.
  5842 | D:6      | Reached skill level 5 in Long Blades
  5953 | D:6      | Noticed Duvessa
  5955 | D:6      | Noticed Dowan
  5976 | D:6      | Killed Duvessa
  5976 | D:6      | Reached XP level 10. HP: 51/69 MP: 10/10
  5980 | D:6      | Killed Dowan
  6692 | D:7      | Got a brightly glowing scale mail
  6703 | D:7      | Identified the cursed +0 scale mail "Himysse" {*Contam
                  | +Blink Dex+3} (You found it on level 7 of the Dungeon)
  6714 | D:7      | Noticed Harold
  6734 | D:7      | Killed Harold
  6942 | D:7      | Found a staircase to the Ecumenical Temple.
  6947 | Temple   | Entered the Ecumenical Temple
  7082 | Temple   | Became a worshipper of Makhleb the Destroyer
  7221 | D:7      | Noticed Pikel
  7241 | D:7      | Killed Pikel
  7241 | D:7      | Reached skill level 1 in Invocations
  7401 | D:7      | Found a radiant altar of Vehumet.
  7409 | D:7      | Found an ancient bone altar of Kikubaaqudgha.
  7410 | D:7      | Found a shimmering blue altar of Sif Muna.
  7413 | D:7      | Identified Sif Muna's Handbook of Creation
  7611 | D:8      | Noticed Psyche
  7614 | D:8      | Killed Psyche
  8503 | D:8      | Reached XP level 11. HP: 30/77 MP: 12/12
  8921 | D:9      | Found a staircase to the Lair.
  8992 | D:9      | Reached * piety under Makhleb
  9189 | D:9      | Noticed Joseph
  9202 | D:9      | Killed Joseph
  9797 | D:9      | Found a sparkling altar of Nemelex Xobeh.
 10055 | Lair:1   | Entered Level 1 of the Lair of Beasts
 10690 | Lair:1   | Reached ** piety under Makhleb
 10803 | Lair:1   | Reached skill level 10 in Dodging
 11041 | Lair:1   | Noticed an oklob plant
 11041 | Lair:1   | Noticed an oklob plant
 11055 | Lair:1   | Identified a scroll of acquirement
 11232 | Lair:1   | Reached skill level 5 in Invocations
 11383 | Lair:1   | You fall into a shaft and drop 1 floor!
 11576 | Lair:2   | Reached skill level 10 in Long Blades
 11604 | Lair:2   | Reached XP level 12. HP: 48/84 MP: 15/15
 11604 | Lair:2   | Gained mutation: Armour fits poorly on your strangely
                  | shaped body. [mutagenic glow]
 11639 | Lair:2   | Gained mutation: You are partially covered in slimy green
                  | scales. (AC +2) [mutagenic glow]
 12118 | Lair:2   | Noticed Nergalle
 12120 | Lair:2   | Noticed a four-headed hydra
 12186 | Lair:2   | Killed a four-headed hydra
 12600 | Lair:2   | Killed Nergalle
 13477 | Lair:3   | Reached *** piety under Makhleb
 14201 | Lair:3   | Reached XP level 13. HP: 56/91 MP: 18/18
 15224 | Lair:4   | Found a staircase to the Swamp.
 15316 | Lair:4   | Found a staircase to the Snake Pit.
 15365 | Lair:4   | Reached skill level 10 in Fighting
 15723 | Lair:4   | Reached **** piety under Makhleb
 15911 | Lair:4   | Noticed a five-headed hydra
 15924 | Lair:4   | Killed a five-headed hydra
 16096 | Lair:4   | Noticed a five-headed hydra
 16106 | Lair:4   | Killed a five-headed hydra
 16566 | Lair:5   | Reached skill level 1 in Shields
 16787 | Lair:5   | Found a staircase to the Slime Pits.
 17037 | Lair:5   | HP: 1/93 [oklob plant/splash of acid (4)]
 17037 | Lair:5   | Splashed by an oklob plant's acid

Levels and vault maps discovered:
D:1:      kilobyte_arrival_exit_the_forest, layout_rooms
D:2:      layout_basic, chequers_ecumenical_altar_grove, nrook_campfire,
          minmay_fractal_squares_5, uniq_sigmund, uniq_terence
D:3:      layout_basic, ebering_ghost_sewer_f, uniq_grinder
D:4:      layout_basic, grunt_gozag_breadcrumbs, nicolae_ru_path_of_blood
D:5:      layout_basic, lemuel_crystal_altar, lemuel_doored_altar, first_ration,
          serial_shops, shop, uniq_eustachio
D:6:      layout_basic, grunt_ministairs_13, uniq_duvessa
D:7:      layout_gridville, grunt_temple_overflow_magic_moments,
          nicolae_overflow_hidden_temple, minmay_temple_entry_wispy, uniq_pikel,
          uniq_harold
D:8:      layout_basic, uniq_psyche
D:9:      layout_irregular_city, kennysheep_mini_moat, lair_entry_dummy,
          uniq_joseph
Temple:   minmay_temple_curvy_branch
Lair:1:   layout_small_grid, kennysheep_rathole, minmay_lair_oklob_chamber
Lair:2:   layout_hall_layers, chequers_serial_rivers_small_b,
          serial_bayou_pond_a, uniq_nergalle
Lair:3:   cheibrodos_magma_flow, layout_cave_pods, chequers_serial_rivers_marsh,
          grunt_megastairs_5
Lair:4:   layout_loops_ring, swamp_mist, guppyfry_snake_entry_garden,
          grunt_megastairs_1
Lair:5:   layout_gridlike, minmay_slime_entry_oklob_open, serial_bayou_lagoon_b

Skill      XL: |  1  2  3  4  5  6  7  8  9 10 11 12 13 |
---------------+----------------------------------------+-----
Fighting       | 2 3 4 5 6 7 8 9 10 | 10.3
Armour         | 1 3 4 5 6 |  6.0
Dodging        | 3 4 5 6 8 9 10 11 12 | 12.0
Long Blades    | 5 8 10 11 12 | 12.7
Invocations    | 2 5 7 8 |  8.7
Shields        | 1 |  1.5
Short Blades   | |  2.4
Throwing       | |  2.0
Stealth        | |  4.3

Action                   |  1- 3 |  4- 6 |  7- 9 | 10-12 | 13-15 || total
-------------------------+-------+-------+-------+-------+-------++-------
Melee: Dagger            |    64 |   130 |   382 |   544 |    15 ||  1135
       Bite              |     2 |    19 |    43 |   137 |    49 ||   250
       Scimitar          |       |       |       |   208 |   203 ||   411
Throw: Dart              |       |     9 |    19 |    43 |     3 ||    74
       Boomerang         |       |     8 |    50 |    46 |     7 ||   111
       Throwing net      |       |       |       |     6 |       ||     6
Invok: Minor Destruction |       |       |       |    41 |    61 ||   102
       Lesser Servant of |       |       |       |       |     2 ||     2
       Major Destruction |       |       |       |       |     2 ||     2
  Use: Potion            |     6 |     1 |     2 |     6 |     1 ||    16
       Scroll            |     4 |     4 |     2 |    16 |     4 ||    30
 Stab: Sleeping          |     2 |     2 |    10 |     6 |       ||    20
       Invisible         |     3 |     2 |     5 |     1 |       ||    11
       Held in net/web   |       |       |       |     5 |       ||     5
       Distracted        |       |       |       |     1 |       ||     1
  Eat: Chunk             |       |     5 |     7 |    17 |     7 ||    36
       Ration            |       |       |     1 |     3 |     1 ||     5
Armor: Robe              |    16 |     7 |       |       |       ||    23
       Leather armour    |       |    21 |    45 |    56 |    21 ||   143
       Skin              |       |       |    51 |    13 |       ||    64
Dodge: Dodged            |    63 |   111 |   282 |   602 |   202 ||  1260
Block: Other             |       |    16 |    44 |    86 |     5 ||   151
       Reflection        |       |     1 |     1 |       |     1 ||     3
       Buckler           |       |       |       |       |    13 ||    13
       Rpst.: Scimitar   |       |       |       |    61 |    54 ||   115
